 Dungeon Crawl Stone Soup version 0.22.1-6-g1668fe2c40 (webtiles) character file.

94 Kohma the Grave Robber (level 4, -3/31 HPs)
             Began as a Vampire Necromancer on Jan 24, 2019.
             Slain by an orc wizard
             ... wielding a +0 dagger
              (4 damage)
             ... on level 3 of the Dungeon.
             The game lasted 00:07:27 (3420 turns).

Kohma the Grave Robber (Vampire Necromancer)        Turns: 3420, Time: 00:07:28

Health: -3/31      AC:  4    Str:  8    XL:     4   Next: 38%
Magic:  2/7        EV: 13    Int: 17    God:
Gold:   111        SH:  0    Dex: 14    Spells: 5/7 levels left

rFire    . . .     SeeInvis +   i - +0 dagger
rCold    . . .     Gourm    .   (no shield)
rNeg     + . .     Faith    .   a - +0 robe
rPois    .         Spirit   .   l - +2 hat
rElec    .         Reflect  .   (no cloak)
rCorr    .         Harm     .   (no gloves)
MR       .....                  (no boots)
Stlth    ++........             (no amulet)
HPRegen  0.10/turn              (no ring)
MPRegen  0.10/turn              (no ring)

@: slowed, very slow
A: fangs 3, see invisible, unbreathing
a: Bat Form


You were on level 3 of the Dungeon.
You were not thirsty.

You visited 1 branch of the dungeon, and saw 3 of its levels.

You collected 111 gold pieces.

Inventory:

Hand Weapons
 i - a +0 dagger (weapon)
Missiles
 b - 40 stones (quivered)
 d - 28 sling bullets
Armour
 a - a +0 robe (worn)
 l - a +2 hat (worn)
Jewellery
 k - a cursed amulet of guardian spirit {unknown}
Scrolls
 e - a scroll of remove curse {unknown}
 g - a scroll of teleportation {unknown}
 m - a scroll of magic mapping {unknown}
 n - a scroll of enchant armour {unknown}
 o - a scroll of fear {unknown}
Potions
 c - 2 potions of blood
 f - 3 potions of might {unknown}
 h - a potion of curing {unknown}
 j - a potion of experience {unknown}
Comestibles
 p - a ration


   Skills:
 - Level 0.6 Fighting
 * Level 1.6 Short Blades
 + Level 2.5 Dodging
 + Level 3.6 Stealth
 - Level 0.2 Unarmed Combat
 + Level 2.4 Spellcasting
 * Level 5.3 Necromancy


You had 5 spell levels left.
You knew the following spells:

 Your Spells              Type           Power        Failure   Level  Hunger
a - Pain                  Necr           ###.         1%          1    #......
b - Animate Skeleton      Necr           N/A          1%          1    #......

Your spell library contained the following spells:

 Spells                   Type           Power        Failure   Level  Hunger
 Vampiric Draining        Necr           ###.......   6%          3    ###....
 Regeneration             Chrm/Necr      ##........   19%         3    ###....
 Animate Dead             Necr           N/A          21%         4    #####..


Dungeon Overview and Level Annotations

Branches:
Dungeon (3/15)

Altars:
The Shining One


Innate Abilities, Weirdness & Mutations

You have razor-sharp teeth.
You have supernaturally acute eyesight. (SInv)
You can survive without breathing.


Message History

Aim: an orc wizard, wielding a dagger and wearing a robe (heavily wounded, The orc wizard barely resists.
The orc wizard hits you with a dagger.
* * * LOW HITPOINT WARNING * * *
The orc wizard gestures at you while chanting.
You feel as though you will be slow longer.
Casting: Pain (safe; 1% risk of failure)
Confirm with . or Enter, or press ? or * to list all spells.
Aiming: Pain (safe; 1% risk of failure)
Press: ? - help, Shift-Dir - straight line, f/p - orc wizard
Aim: an orc wizard, wielding a dagger and wearing a robe (heavily wounded, The orc wizard writhes in agony!
The orc wizard hits you but does no damage.
The orc wizard completely misses you.
The orc wizard hits you but does no damage.
Okay, then.
You aren't carrying any items that you can evoke.
Okay, then.
Yummy - fresh blood!
The orc wizard closely misses you. The orc wizard hits you with a dagger.
You die...

##.##.# ###.#####
##..<#.# #.# #
#.#....# #.# .#
##.....# #.# ..#
##.#..#####.# ..
#..........###.#...
###..####.........%
##..#####o.##.#
#......@oo....#
#...#####.#.###
#####.<.#####.#.#
#..<............#
#.###..#.####.......
#..#.# #......#
#..#.# ###.##.#
#..#.# .# # ...#.#
..


You could see an orc wizard and 2 orcs.

Vanquished Creatures
  3 adders (D:2)
  An ooze (D:1)
  A worm (D:2)
  2 leopard geckos (D:2)
  An orc (D:3)
  4 giant cockroaches
  2 goblins (D:1)
  4 hobgoblins
  6 kobolds
  3 quokkas (D:2)
  5 bats
  A frilled lizard (D:3)
  4 rats
37 creatures vanquished.

Vanquished Creatures (collateral kills)
  A centaur skeleton (D:2)
1 creature vanquished.

Grand Total: 38 creatures vanquished

Notes
Turn   | Place    | Note
-------+----------+-------------------------------------------
     0 | D:1      | Kohma the Vampire Necromancer began the quest for the Orb.
     0 | D:1      | Reached XP level 1. HP: 13/13 MP: 3/3
   210 | D:1      | Learned a level 1 spell: Animate Skeleton
   396 | D:1      | Reached XP level 2. HP: 20/20 MP: 3/5
  1277 | D:2      | Reached skill level 5 in Necromancy
  1342 | D:2      | Found a glowing golden altar of the Shining One.
  1409 | D:2      | Reached XP level 3. HP: 8/25 MP: 1/6
  1436 | D:2      | Reached skill level 1 in Short Blades
  2910 | D:2      | Reached XP level 4. HP: 18/31 MP: 2/7
  3420 | D:3      | Slain by an orc wizard

Skill      XL: |  1  2  3 |
---------------+----------+-----
Necromancy     | 5 |  5.3
Short Blades   | 1 |  1.6
Fighting       | |  0.6
Dodging        | |  2.5
Stealth        | |  3.6
Unarmed Combat | |  0.2
Spellcasting   | |  2.4

Action                   |  1- 3 |  4- 6 || total
-------------------------+-------+-------++-------
Melee: Unarmed           |    13 |       ||    13
       Dagger            |    49 |    34 ||    83
       Bite              |     6 |     2 ||     8
Throw: Stone             |     2 |       ||     2
 Cast: Pain              |    43 |    10 ||    53
       Animate Skeleton  |     5 |     1 ||     6
  Use: Potion            |     3 |     2 ||     5
 Stab: Sleeping          |     2 |     3 ||     5
Armor: Robe              |    19 |     8 ||    27
Dodge: Dodged            |    47 |    30 ||    77
